 Dungeon Crawl Stone Soup version 0.30.0-29-ga12c61a403 (webtiles) character file.

Game seed: 12901644259001553970

1116 qw the Chopper (level 8, -2/49 HPs)
             Began as a Gargoyle Fighter on June 4, 2023.
             Slain by a troll (7 damage)
             ... on level 5 of the Dungeon.
             The game lasted 00:02:20 (4645 turns).

qw the Chopper (Gargoyle Fighter)                   Turns: 4645, Time: 00:02:21

Health: -2/49      AC: 19    Str: 21    XL:     8   Next: 34%
Magic:  8/8        EV: 11    Int: 10    God:
Gold:   93         SH:  4    Dex:  9    Spells: 7/7 levels left

rFire   . . .        Y - +0 war axe
rCold   . . .        c - +0 buckler
rNeg    + . .        g - +2 plate armour
rPois   inf          (no helmet)
rElec   +            (no cloak)
rCorr   .            (no gloves)
SInv    .            (no boots)
Will    .....        (no amulet) Stlth
                     j - +5 ring of evasion
HPRegen 0.28/turn    (no ring)
MPRegen 0.11/turn

%: no passive effects
@: no status effects
A: sickness immunity, AC +5, negative energy resistance 1, electricity
resistance, torment resistance 1, petrification resistance
a: no special abilities


You were on level 5 of the Dungeon.
You visited 2 branches of the dungeon, and saw 6 of its levels.

You collected 300 gold pieces.
You spent 207 gold pieces at shops.


Innate Abilities, Weirdness & Mutations

You are immune to sickness and miasma.
Your stone body is resilient. (AC +5)
You are immune to poison.
You resist negative energy. (rN+)
You are resistant to electric shocks. (rElec)
You are resistant to unholy torment.
You are immune to petrification.


   Skills:
 - Level 5.1 Fighting
 + Level 7.5 Axes
 - Level 1.8 Throwing
 - Level 4.2 Armour
 - Level 1.3 Dodging
 - Level 3.2 Shields


You had 7 spell levels left.
You didn't know any spells.
Your spell library was empty.

Inventory:

Hand Weapons
 o - a +0 flail
 Y - a +0 war axe (weapon)
Missiles
 m - 5 boomerangs (quivered)
Armour
 c - a +0 buckler (worn)
 g - a +2 plate armour (worn)
Jewellery
 j - a +5 ring of evasion (left hand)
Scrolls
 a - a scroll of identify
 b - a scroll of magic mapping {unknown}
 e - a scroll of teleportation
Potions
 d - a potion of might
 f - 2 potions of curing
 h - a potion of attraction {unknown}
 k - a potion of cancellation
 n - a potion of haste
 p - 2 potions of mutation {unknown}
 r - a potion of lignification {unknown}
 w - a potion of brilliance {unknown}

Dungeon Overview and Level Annotations

Branches:
Dungeon (5/15)             Temple (1/1) D:5

Altars:
Ashenzari
Cheibriados
Dithmenos
Elyvilon
Fedhas
Gozag
Hepliaklqana
Kikubaaqudgha
Makhleb
Nemelex Xobeh
Qazlal
Ru
Sif Muna
Trog
Uskayaw
Vehumet
Xom
Yredelemnul
Zin
The Shining One

Shops:
D:2 :   D:4 *

Annotations:
D:3 1 runed translucent door, Crazy Yiuf
D:5 2 transporters


Message History

Enter note:
Enter note:
Enter note:
Enter note:
Enter note: You throw a boomerang.
The boomerang barely misses the troll.
You throw a boomerang. The boomerang hits the troll.
The troll is lightly wounded.
You throw a boomerang. The boomerang barely misses the troll.
You throw a boomerang.
The boomerang hits the troll but does no damage.
The troll is lightly wounded.
You hit the troll.
The troll is lightly wounded.
The troll bites you but does no damage. The troll claws you but does no damage.
The troll claws you!
You slash the troll!
The troll is heavily wounded.
The troll closely misses you. The troll claws you but does no damage.
The troll closely misses you.
You closely miss the troll.
The troll is heavily wounded.
The troll bites you. You block the troll's attack. The troll claws you.
You completely miss the troll.
The troll is heavily wounded.
You block the troll's attack. The troll claws you but does no damage.
The troll claws you!
You closely miss the troll.
The troll is heavily wounded.
The troll bites you but does no damage. The troll closely misses you.
The troll claws you.
You slash the troll!
The troll is severely wounded.
You block the troll's attack. The troll closely misses you.
The troll barely misses you.
You barely miss the troll.
The troll is heavily wounded.
The troll barely misses you. x2; The troll claws you!
The troll bites you! The troll closely misses you. The troll claws you!
You die...

#.................+..+.......#.#.
#.................##.#...#..<....
#.................##.#####......#
#............#######............#
#............# ###########.......
.............# #.................
############## #.########........
..# #.# ######### #.# #@# #_# #.
# #T# ...8### # #.# ....### # ...
....>#. # #.# ....### # #.#
...8### #.# #_# ## #.# # #.
##############


You could see a troll.

Vanquished Creatures
  Grinder (D:3)
  Sigmund (D:4)
  Eustachio (D:4)
  An ogre (D:5)
  2 phantoms (D:4)
  2 scorpions
  A hound (D:5)
  Natasha (twice) (D:4)
  5 adders
  3 gnolls (D:3)
  A shadow imp (D:5)
  2 white imps (D:5)
  An ufetubus (D:5)
  2 worms (D:2)
  4 dart slugs
  8 orcs
  5 ball pythons
  4 endoplasms
  2 giant cockroaches
  6 goblins
  4 hobgoblins
  2 jackals (D:4)
  7 kobolds
  3 quokkas
  9 bats
  4 frilled lizards
  7 rats
90 creatures vanquished.

Notes
Turn   | Place    | Note
-------+----------+-------------------------------------------
     0 | D:1      | qw the Gargoyle Fighter began the quest for the Orb.
     0 | D:1      | Reached XP level 1. HP: 14/14 MP: 1/1
     0 | D:1      | 0 ||| qw: Version: 0.2-a-106-g05974ce
     0 | D:1      | 0 ||| qw: Game counter: 1142
     0 | D:1      | 0 ||| qw: Always use a shield: true
     0 | D:1      | 0 ||| qw: God list: Okawaru
     0 | D:1      | 0 ||| qw: Allow faded altars: false
     0 | D:1      | 0 ||| qw: Do Orc after D:15 true
     0 | D:1      | 0 ||| qw: Do second Lair branch before Depths: true
     0 | D:1      | 0 ||| qw: Lair rune preference: random
     0 | D:1      | 0 ||| qw: Plans: Normal, Zot:1-4, Slime:5, God:TSO, Crypt,
                  | Tomb, Abyss, Pan, Hells, Win
     0 | D:1      | 0 ||| PLANNING D:1-11
    89 | D:1      | Reached skill level 2 in Axes
   210 | D:1      | Reached XP level 2. HP: 19/19 MP: 2/2
   263 | D:1      | Found a faded altar of an unknown god.
   324 | D:1      | You fall into a shaft and drop 1 floor!
   472 | D:2      | 472 ||| READING 3 scrolls labelled XYBUNE KOUVOA.
   473 | D:2      | 473 ||| READING scroll labelled LUMYLARUSH.
   474 | D:2      | 474 ||| READING scroll labelled ETUGUT SYOR.
   475 | D:2      | 475 ||| DRINKING 2 brown potions.
   476 | D:2      | 476 ||| DRINKING 2 lumpy purple potions.
   477 | D:2      | 477 ||| READING 2 scrolls of identify.
   477 | D:2      | 477 ||| IDENTIFYING murky silvery potion
   478 | D:2      | 478 ||| DROPPING potion of berserk rage.
   557 | D:1      | Reached skill level 3 in Axes
   613 | D:1      | 613 ||| Stepping ~*~*~tactically~*~*~ (hiding).
   624 | D:1      | Reached XP level 3. HP: 17/23 MP: 3/3
   812 | D:1      | 812 ||| READING scroll labelled XIK NUNTISCH.
   817 | D:1      | 817 ||| READING scroll labelled YCOM ICIURICVU.
   852 | D:2      | 852 ||| DROPPING +0 club.
  1047 | D:2      | Found Veusmef's Book Emporium.
  1095 | D:2      | 1095 ||| Stepping ~*~*~tactically~*~*~ (stealth).
  1097 | D:2      | 1097 ||| Stepping ~*~*~tactically~*~*~ (stealth).
  1263 | D:2      | 1263 ||| UPGRADING to +5 ring of evasion.
  1422 | D:2      | Reached XP level 4. HP: 28/28 MP: 4/4
  1621 | D:2      | 1621 ||| READING 2 scrolls of identify.
  1621 | D:2      | 1621 ||| IDENTIFYING fuming brown potion
  1646 | D:3      | Reached skill level 4 in Axes
  1703 | D:3      | 1703 ||| Stepping ~*~*~tactically~*~*~ (hiding).
  1705 | D:3      | 1705 ||| Stepping ~*~*~tactically~*~*~ (hiding).
  1720 | D:3      | 1720 ||| DROPPING +0 whip.
  1812 | D:3      | 1812 ||| Stepping ~*~*~tactically~*~*~ (hiding).
  1813 | D:3      | 1813 ||| Stepping ~*~*~tactically~*~*~ (hiding).
  1839 | D:3      | 1839 ||| Stepping ~*~*~tactically~*~*~ (stealth).
  1841 | D:3      | 1841 ||| Stepping ~*~*~tactically~*~*~ (hiding).
  1849 | D:3      | Reached XP level 5. HP: 29/32 MP: 5/5
  1888 | D:3      | Noticed Grinder
  1901 | D:3      | Paralysed by Grinder for 5 turns
  1910 | D:3      | Killed Grinder
  1911 | D:3      | Reached skill level 6 in Axes
  1911 | D:3      | Reached XP level 6. HP: 13/37 MP: 6/6
  2028 | D:3      | Found a runed translucent door.
  2029 | D:3      | Noticed Crazy Yiuf
  2305 | D:3      | 2305 ||| READING scroll labelled FIUKHE MIMU.
  2375 | D:4      | Reached skill level 1 in Dodging
  2375 | D:4      | Reached XP level 7. HP: 41/43 MP: 7/7
  2388 | D:4      | Identified the +0 leather armour of the Lair of Beasts
                  | {+Inv}
  2394 | D:4      | 2394 ||| Stepping ~*~*~tactically~*~*~ (hiding).
  2663 | D:4      | Noticed Natasha
  2664 | D:4      | 2664 ||| Stepping ~*~*~tactically~*~*~ (hiding).
  2674 | D:4      | Killed Natasha
  2733 | D:4      | Found Nenoywn's Assorted Antiques.
  2741 | D:4      | 2741 ||| BUYING 3 scrolls labelled AQO CUIHA MILL (63
                  | gold).
  2741 | D:4      | Bought 3 scrolls labelled AQO CUIHA MILL for 63 gold pieces
  2741 | D:4      | 2741 ||| BUYING amethyst potion (18 gold).
  2741 | D:4      | Bought an amethyst potion for 18 gold pieces
  2741 | D:4      | 2741 ||| BUYING ivory ring (105 gold).
  2741 | D:4      | Bought an ivory ring for 105 gold pieces
  2741 | D:4      | 2741 ||| SHOPLISTING potion of curing (63 gold, have 53).
  2741 | D:4      | 2741 ||| BUYING scroll labelled FITORPHUGOGG (21 gold).
  2741 | D:4      | Bought a scroll labelled FITORPHUGOGG for 21 gold pieces
  2741 | D:4      | 2741 ||| SHOPLISTING scroll of enchant armour (157 gold,
                  | have 32).
  2741 | D:4      | 2741 ||| SHOPLISTING scroll of teleportation (63 gold, have
                  | 32).
  2742 | D:4      | 2742 ||| DROPPING +0 leather armour of the Lair of Beasts
                  | {+Inv}.
  2748 | D:4      | 2748 ||| Stepping ~*~*~tactically~*~*~ (hiding).
  2919 | D:4      | Noticed Eustachio
  2955 | D:4      | Killed Eustachio
  3011 | D:4      | Noticed Sigmund
  3020 | D:4      | Killed Sigmund
  3021 | D:4      | Reached skill level 7 in Axes
  3061 | D:4      | Noticed Natasha
  3087 | D:4      | Killed Natasha
  3362 | D:4      | 3362 ||| Stepping ~*~*~tactically~*~*~ (hiding).
  3364 | D:4      | 3364 ||| Stepping ~*~*~tactically~*~*~ (hiding).
  3502 | D:4      | Reached XP level 8. HP: 46/49 MP: 8/8
  3658 | D:4      | 3658 ||| DROPPING ring of wizardry.
  3659 | D:4      | 3659 ||| READING scroll labelled WEAGGOL EPOMPO.
  3660 | D:4      | 3660 ||| READING 3 scrolls labelled AQO CUIHA MILL.
  3695 | D:4      | 3695 ||| READING scroll labelled FITORPHUGOGG.
  3796 | D:4      | 3796 ||| READING scroll labelled YCIOCIAK POEBO.
  3797 | D:4      | 3797 ||| READING 3 scrolls of identify.
  3797 | D:4      | 3797 ||| IDENTIFYING bubbling pink potion
  3798 | D:4      | 3798 ||| READING 2 scrolls of identify.
  3798 | D:4      | 3798 ||| IDENTIFYING bubbling orange potion
  3799 | D:4      | 3799 ||| DROPPING potion of degeneration.
  3800 | D:4      | 3800 ||| DROPPING 2 scrolls of torment.
  3801 | D:4      | 3801 ||| DROPPING potion of invisibility.
  3821 | D:5      | Entered Level 5 of the Dungeon
  3822 | D:5      | 3822 ||| Stepping ~*~*~tactically~*~*~ (hiding).
  3824 | D:5      | 3824 ||| Stepping ~*~*~tactically~*~*~ (hiding).
  3833 | D:5      | HP: 4/49 [ogre/+0 giant club (17)]
  3834 | D:5      | 3834 ||| READING scroll of teleportation.
  3835 | D:5      | 3835 ||| DRINKING potion of heal wounds.
  3947 | D:5      | 3947 ||| Stepping ~*~*~tactically~*~*~ (hiding).
  3949 | D:5      | 3949 ||| Stepping ~*~*~tactically~*~*~ (hiding).
  3951 | D:5      | 3951 ||| Stepping ~*~*~tactically~*~*~ (hiding).
  4062 | D:5      | Found a staircase to the Ecumenical Temple.
  4063 | D:5      | 4063 ||| PLANNING TEMPLE
  4063 | D:5      | 4063 ||| DROPPING +3 leather armour of cold resistance.
  4064 | D:5      | 4064 ||| UPGRADING to +0 plate armour.
  4074 | D:5      | 4074 ||| DROPPING +0 scale mail.
  4075 | D:5      | 4075 ||| READING scroll of enchant armour.
  4075 | D:5      | 4075 ||| ENCHANTING +0 plate armour.
  4085 | Temple   | Entered the Ecumenical Temple
  4086 | Temple   | 4086 ||| PLANNING D:1-11
  4095 | D:5      | 4095 ||| READING scroll of enchant armour.
  4095 | D:5      | 4095 ||| ENCHANTING +1 plate armour.
  4282 | D:5      | Found a transporter.
  4289 | D:5      | Found a transporter.
  4302 | D:5      | 4302 ||| Stepping ~*~*~tactically~*~*~ (stealth).
  4313 | D:5      | Reached skill level 1 in Throwing
  4368 | D:5      | Identified the +1 robe of Idealism {Archmagi}
  4393 | D:5      | 4393 ||| Stepping ~*~*~tactically~*~*~ (hiding).
  4569 | D:5      | Found a snail-covered altar of Cheibriados.
  4571 | D:5      | Found a stormy altar of Qazlal.
  4634 | D:5      | Noticed a troll
  4645 | D:5      | HP: 5/49 [troll (9)]
  4645 | D:5      | Slain by a troll

Levels and vault maps discovered:
D:1:      dpeg_arrival_pits, layout_basic, shapermc_ecumenical_altar_pompeii
D:2:      layout_loops_ring, serial_shops, shop, dreamdust_wishing_well,
          minmay_puff
D:3:      layout_rooms, chequers_serial_rivers_large_b, uniq_crazy_yiuf_cottage,
          uniq_grinder
D:4:      layout_basic, serial_shops, nicolae_shop_hallway_stairs,
          uniq_eustachio, uniq_sigmund, uniq_natasha
D:5:      gammafunk_wand_slinger, layout_basic, nicolae_overflow_hidden_temple,
          minmay_temple_entry_sparse_star
Temple:   nicolae_temple_no_exploring_needed

Skill      XL: |  1  2  3  4  5  6  7  8 |
---------------+-------------------------+-----
Axes           | 2 3 4 6 7 |  7.5
Fighting       | 4 5 |  5.1
Dodging        | 1 |  1.3
Armour         | 4 |  4.2
Throwing       | 1 |  1.8
Shields        | |  3.2

Action                     |  1- 3 |  4- 6 |  7- 9 || total
---------------------------+-------+-------+-------++-------
  Melee: War axe           |   103 |    51 |   166 ||   320
  Throw: Boomerang         |       |    10 |    40 ||    50
    Use: Scroll            |     6 |     2 |     9 ||    17
         Potion            |     2 |       |     1 ||     3
 Armour: Scale mail        |    45 |    13 |    59 ||   117
         Plate armour      |       |       |    16 ||    16
  Dodge: Dodged            |    52 |    35 |   132 ||   219
  Block: Buckler           |    19 |     9 |    42 ||    70

Table legend:
 A = Non-vault XP
 B = Vault XP
 C = Vault XP percentage of total XP
 D = Non-vault monster count
 E = Vault monster count
 F = Vault count percentage of total count
                 A         B        C        D         E       F
            +---------+---------+-------+---------+---------+-------
      Total |     846 |     749 |  47.0 |      82 |       8 |   8.9
            +---------+---------+-------+---------+---------+-------
        D:1 |      21 |       0 |   0.0 |      14 |       0 |   0.0
        D:2 |      59 |       8 |  11.9 |      20 |       4 |  16.7
        D:3 |      84 |     277 |  76.7 |      15 |       1 |   6.2
        D:4 |     388 |     464 |  54.5 |      25 |       3 |  10.7
        D:5 |     294 |       0 |   0.0 |       8 |       0 |   0.0
            +---------+---------+-------+---------+---------+-------
